 Dungeon Crawl Stone Soup version 0.30-a0-371-gad7725a93e (webtiles) character file.

Game seed: 12518851533711810341

8215 Tonberto the Cleaver (level 11, 0/102 HPs)
             Began as a Troll Berserker on Nov 21, 2022.
             Was a Believer of Trog.
             Slain by a troll (14 damage)
             ... on level 10 of the Dungeon.
             The game lasted 00:21:29 (7041 turns).

Tonberto the Cleaver (Troll Berserker)              Turns: 7041, Time: 00:21:29

Health: 0/102      AC:  9    Str: 31    XL:     11   Next: 7%
Magic:  10/10      EV:  8    Int:  3    God:    Trog [**....]
Gold:   694        SH:  5    Dex:  9    Spells: 10/10 levels left

rFire   . . .      SeeInvis .    a - +1 hand axe
rCold   . . .      Faith    .    s - +0 kite shield
rNeg    + . .      Spirit   .    Q - +0 steam dragon scales
rPois   .          Reflect  .    (helmet restricted)
rElec   .          Harm     .    I - +0 cloak
rCorr   .          Rampage  .    (gloves unavailable)
Will    .....                    (boots unavailable)
Stlth   +.........               n - amulet of the acrobat
HPRegen 1.17/turn                h - ring of positive energy
MPRegen 0.12/turn                (no ring)

@: on berserk cooldown, slowed, very slow
A: large, unfitting armour, claws 3, regeneration 1, shaggy fur 2, tough skin 1,
hooves 2
a: Renounce Religion, Berserk, Trog's Hand


You were on level 10 of the Dungeon.
You worshipped Trog.
Trog was pleased with you.
You visited 1 branch of the dungeon, and saw 10 of its levels.
You also visited: Sewer and Bailey.

You collected 786 gold pieces.
You spent 92 gold pieces at shops.

Inventory:

Hand Weapons
 a - a +1 hand axe (weapon)
 j - a +0 giant spiked club
 p - a +0 war axe
 F - a +0 battleaxe
Missiles
 D - 3 javelins (quivered)
 L - 4 atropa-tipped darts
 M - 10 datura-tipped darts
Armour
 s - a +0 kite shield (worn)
 x - the +2 robe of the Evening Star {rElec Dex+2}
   (You found it on level 5 of the Dungeon)

   Dex:       It affects your dexterity (+2).
   rElec:     It insulates you from electricity.
 A - a +0 robe of willpower
 I - a +0 cloak (worn)
 Q - +0 steam dragon scales (worn)
Jewellery
 h - a ring of positive energy (left claw)
 n - an amulet of the acrobat (around neck)
 G - a ring of magical power
 N - the amulet of Daan {Spirit Str+2 Int+2}
   (You found it in a bailey)

   [amulet of guardian spirit]

   It causes incoming damage to be divided between your reserves of health and
   magic.
   Str:       It affects your strength (+2).
   Int:       It affects your intelligence (+2).
 S - a ring of positive energy
Wands
 r - a wand of iceblast (6)
 v - a wand of flame (29)
 H - a wand of charming (11)
 P - a wand of acid (7)
Scrolls
 b - a scroll of fear {unknown}
 d - 2 scrolls of amnesia {unknown}
 e - 2 scrolls of blinking {unknown}
 g - 3 scrolls of magic mapping
 l - a scroll of silence {unknown}
 m - 3 scrolls of teleportation
 q - a scroll of vulnerability
 t - a scroll of butterflies
 y - 3 scrolls of enchant weapon
 z - 2 scrolls of summoning {unknown}
 C - 2 scrolls of noise
 K - a scroll of poison
 O - 2 scrolls of identify
Potions
 c - a potion of flight
 f - 2 potions of curing
 i - 2 potions of attraction
 k - 6 potions of might
 o - 2 potions of cancellation
 u - a potion of degeneration
 w - 2 potions of berserk rage
 B - a potion of haste
 E - 2 potions of mutation
 R - 2 potions of lignification
 T - 2 potions of brilliance {unknown}
 U - a potion of ambrosia {unknown}


   Skills:
 - Level 5.0 Fighting
 * Level 13.8 Axes
 - Level 2.4 Dodging


You had 10 spell levels left.
You didn't know any spells.
Your spell library was empty.

Dungeon Overview and Level Annotations

Branches:
Dungeon (10/15)            Temple (0/1) D:5           Sewer (visited)
 Bailey (visited)
   Lair: D:8-11         Orc: D:9-12

Altars:
Elyvilon
Kikubaaqudgha
Yredelemnul

Shops:
D:3 *:[

Annotations:
D:10 Josephine


Innate Abilities, Weirdness & Mutations

You are too large for most types of armour.
You have claws for hands.
Your natural rate of healing is unusually fast.
You are covered in thick fur. (AC +2)
You have tough skin. (AC +1)
You have hoof-like feet.


Message History

You block the hornet's attack. The hornet closely misses you.
You block the troll's attack. The troll claws you but does no damage.
The troll claws you but does no damage.
Unknown command.
Aiming: Corrosive Bolt
Press: ? - help, Shift-Dir - straight line, f/p - hornet
Aim: a hornet (almost dead, covered in acid, 57% to hit)
The bolt of acid hits the hornet!
The hornet seems to be corroded for longer.
You kill the hornet!
Trog accepts your kill.
You hear a bark!
The troll barely misses you. The troll claws you but does no damage.
The troll claws you. The troll bites you but does no damage.
The troll claws you. The troll claws you but does no damage.
You closely miss the troll. Your kick misses the troll. The troll bites you.
The troll claws you.
* * * LOW HITPOINT WARNING * * *
The troll claws you but does no damage.
Aiming: Corrosive Bolt
Press: ? - help, Shift-Dir - straight line, f - troll
Aim: a troll (71% to hit)
The bolt of acid hits the troll!
The acid corrodes the troll!
The troll is heavily wounded.
You hear a bark!
The troll barely misses you. The troll claws you!
* * * LOW HITPOINT WARNING * * *
The troll claws you!
* * * LOW HITPOINT WARNING * * *
The troll bites you!
You die...

### .~≈~≈≈≈h~≈~≈~.. ...###
.~..≈≈≈≈~≈~≈≈... ##....
..≈.~≈≈≈~h~~~~~. .....>
#..~≈~~≈@~W.....
###...###....~..(~....~.#
..#.#....#....~....~.~.(....#
..#...#...<#................#
###..##.#...#†....##.y#.#.##..#
.##.............@##.###...#.##..#
..............T###.##...##.##..#
#............h..........#.##..#
#..........#..............##..#
#####.....#.##..#..........†##..#
.........##.#..##...............#
(####.#..##.#....................
.##...##..#...####...............
.#............# ##..............


You could see a troll (corroded) and a hound.

Vanquished Creatures
  A two-headed ogre (D:10)
  A deep elf pyromancer (D:9)
  A freezing wraith (D:9)
  A troll (D:10)
  2 hornets
  A shadow (D:9)
  Sigmund (D:6)
  A vampire (D:10)
  A wyvern (D:10)
  2 wraiths (D:10)
  A yak (D:8)
  3 steam dragons (D:8)
  A water moccasin (D:6)
  7 orc warriors
  2 ice beasts
  A sky beast (D:6)
  3 black bears
  2 ogres
  A wolf (D:10)
  3 centaurs
  12 kobold brigands
  A gnoll sergeant (D:8)
  2 necrophages
  6 scorpions
  7 bullfrogs
  A wight (D:8)
  9 killer bees
  A howler monkey (D:5)
  Crazy Yiuf (D:6)
  4 hounds
  2 gnoll boudas
  2 orc priests
  A jelly (D:4)
  3 iguanas (D:6)
  5 orc wizards
  9 adders
  13 gnolls
  2 river rats
  A white imp (D:7)
  10 worms
  A dart slug (D:1)
  27 orcs
  A bat (D:3)
  10 endoplasms
  2 giant cockroaches
  11 goblins
  5 hobgoblins
  4 quokkas
  7 ball pythons
  5 frilled lizards
  24 kobolds
  A quokka zombie (D:4)
  3 rats
  A rat zombie (D:4)
230 creatures vanquished.

Notes
Turn   | Place    | Note
-------+----------+-------------------------------------------
     0 | D:1      | Tonberto the Troll Berserker began the quest for the Orb.
     0 | D:1      | Reached XP level 1. HP: 22/22 MP: 0/0
   147 | D:1      | Reached XP level 2. HP: 29/29 MP: 1/1
   167 | D:1      | Reached skill level 3 in Axes
  1016 | D:3      | Reached XP level 3. HP: 36/36 MP: 2/2
  1159 | D:3      | Found Cinkih's Book Shop.
  1177 | D:3      | Found Housoigg's Antique Armour Emporium.
  1287 | D:3      | Reached ** piety under Trog
  1302 | D:3      | Found Udiribba's Armour Shop.
  1538 | D:3      | Found Wufacvib's Assorted Antiques.
  1654 | D:4      | Found a glowing drain.
  1667 | Sewer    | Entered a sewer
  1696 | Sewer    | Reached skill level 4 in Axes
  1756 | Sewer    | Noticed a kobold brigand
  1763 | Sewer    | Reached XP level 4. HP: 44/44 MP: 3/3
  1767 | Sewer    | Killed a kobold brigand
  1768 | Sewer    | Reached XP level 5. HP: 50/50 MP: 4/4
  1840 | Sewer    | Reached skill level 5 in Axes
  1998 | Sewer    | Reached XP level 6. HP: 59/59 MP: 5/5
  2024 | Sewer    | Reached skill level 6 in Axes
  2093 | Sewer    | Reached XP level 7. HP: 66/66 MP: 6/6
  2273 | Sewer    | Reached skill level 7 in Axes
  2568 | D:4      | Reached skill level 8 in Axes
  2804 | D:4      | Reached XP level 8. HP: 74/74 MP: 7/7
  3080 | D:3      | Bought a runed robe for 92 gold pieces
  3093 | D:3      | Gained mutation: You have large cloven feet. [potion of
                  | mutation]
  3093 | D:3      | Gained mutation: You are covered in thick fur. (AC +2)
                  | [potion of mutation]
  3093 | D:3      | Gained mutation: You have hoof-like feet. [potion of
                  | mutation]
  3142 | D:5      | Entered Level 5 of the Dungeon
  3267 | D:5      | Reached skill level 9 in Axes
  3343 | D:5      | Found a staircase to the Ecumenical Temple.
  3366 | D:5      | Identified the +2 robe of the Evening Star {rElec Dex+2}
  4064 | D:6      | Reached skill level 10 in Axes
  4113 | D:6      | Reached XP level 9. HP: 80/80 MP: 8/8
  4417 | D:6      | Noticed Sigmund
  4432 | D:6      | Killed Sigmund
  4433 | D:6      | Reached skill level 11 in Axes
  4463 | D:6      | Found a runed translucent door.
  4464 | D:6      | Noticed Crazy Yiuf
  4502 | D:6      | Killed Crazy Yiuf
  4897 | D:7      | Found a basalt altar of Yredelemnul.
  5232 | D:8      | Found a flagged portal.
  5268 | Bailey   | Entered a bailey
  5464 | Bailey   | Reached XP level 10. HP: 88/94 MP: 9/9
  5503 | Bailey   | Found a burning altar of Makhleb.
  5517 | Bailey   | Identified the amulet of Daan {Spirit Str+2 Int+2}
  5551 | D:8      | Found a white marble altar of Elyvilon.
  5658 | D:8      | Reached skill level 5 in Fighting
  5694 | D:8      | Reached skill level 12 in Axes
  5831 | D:8      | Reached *** piety under Trog
  6079 | D:8      | Identified the +11 plate armour of Blue Skies {Will+}
  6438 | D:9      | Noticed a deep elf pyromancer
  6457 | D:9      | Killed a deep elf pyromancer
  6478 | D:9      | Found an ancient bone altar of Kikubaaqudgha.
  6479 | D:9      | Noticed a manticore
  6480 | D:9      | Noticed a green ugly thing
  6480 | D:9      | Noticed a centaur warrior
  6509 | D:9      | Reached skill level 13 in Axes
  6592 | D:9      | Identified the +4 chain mail "Gito" {rC+ Int+2}
  6594 | D:9      | HP: 1/96 [centaur warrior/arrow (24)]
  6733 | D:9      | Identified the +1 helmet "Falid" {Harm *Corrode rN+ Int+4
                  | SInv}
  6735 | D:9      | Noticed a manticore
  6753 | D:10     | Entered Level 10 of the Dungeon
  6842 | D:10     | Noticed Josephine
  6919 | D:10     | Noticed a two-headed ogre
  6933 | D:10     | Killed a two-headed ogre
  6974 | D:10     | Reached XP level 11. HP: 90/102 MP: 10/10
  7041 | D:10     | Slain by a troll

Illustrated notes

Levels and vault maps discovered:
D:1:      mushboom_english_gardens, layout_rooms, st_stairs_14,
          serial_bayou_lagoon_a
D:2:      layout_loops_cross
D:3:      layout_basic, serial_shops, nicolae_diamond_shop, shop, shop,
          nicolae_shop_trees, minmay_liquid_box
D:4:      layout_loops_ring, enter_ossuary_4, cheibrodos_sewer_entry_sluice,
          nicolae_wormholes
D:5:      layout_gridville, minmay_temple_entry_enclosed_plants, minmay_between
D:6:      layout_basic, kennysheep_generic_room_13, uniq_crazy_yiuf_cottage,
          uniq_sigmund
D:7:      layout_rooms, mainiacjoe_overflow_catwalk
D:8:      layout_gridville, elyvilon_altar_3, enter_bailey_5, st_stairs_11,
          minmay_increasing_density
D:9:      minmay_the_grid_octo_tiled_squarecenter
          [minmay_the_grid_octo_odd_swirl, minmay_the_grid_octo_vomiting_pacman,
          minmay_the_grid_octo_thin_diamonds, minmay_the_grid_octo_horde,
          minmay_the_grid_square_5x5_megaprize_diamond,
          minmay_the_grid_square_5x5_broken_cross,
          minmay_the_grid_square_5x5_percent,
          minmay_the_grid_square_5x5_intrusive_squares,
          minmay_the_grid_square_5x5_tie], layout_irregular_city,
          serial_column_ruins, column_ruins_open_medium, column_ruins_grid_3,
          column_ruins_columns_dead_end, column_ruins_grid_1,
          column_ruins_columns_straight
D:10:     layout_rooms, marbit_many_paths, erik_lair_island, uniq_josephine

Skill      XL: |  1  2  3  4  5  6  7  8  9 10 |
---------------+-------------------------------+-----
Axes           | 3 4 5 6 8 10 11 13 | 13.8
Fighting       | 4 5 |  5.0
Dodging        | |  2.4

Action                   |  1- 3 |  4- 6 |  7- 9 | 10-12 || total
-------------------------+-------+-------+-------+-------++-------
Melee: Hand axe          |   122 |    76 |   425 |   201 ||   824
       Punch             |     1 |       |       |       ||     1
       Kick              |       |       |    66 |    57 ||   123
Throw: Throwing net      |       |       |       |     1 ||     1
Invok: Berserk           |     1 |     4 |    23 |     9 ||    37
       Trog's Hand       |       |       |    11 |     7 ||    18
Evoke: Wand              |       |       |     1 |     5 ||     6
  Use: Scroll            |       |       |    18 |     3 ||    21
       Potion            |       |       |     3 |     2 ||     5
 Stab: Sleeping          |     2 |       |     1 |     1 ||     4
Armor: Animal skin       |    39 |     8 |    34 |       ||    81
       Robe              |       |       |    90 |    17 ||   107
       Steam dragon scal |       |       |       |    71 ||    71
Dodge: Dodged            |    53 |    19 |   154 |   126 ||   352
Block: Kite shield       |    11 |    14 |   117 |    79 ||   221

Table legend: (Time is in decaauts)
 A = Elapsed time spent in this place.
 B = Non-inter-level travel time spent in this place.
 C = Inter-level travel time spent in this place.
 D = Time resting spent in this place.
 E = Time spent auto-exploring this place.
 F = Levels seen in this place.
 G = Mean time per level.
                   A        B        C        D        E       F      G
               +--------+--------+--------+--------+--------+-----+--------+
         Total |   7538 |   7090 |    448 |      0 |   4892 |  12 |  628.2 |
       Dungeon |   6377 |   5929 |    448 |      0 |   4252 |  10 |  637.7 |
         Sewer |    876 |    876 |      0 |      0 |    546 |   1 |  876.0 |
        Bailey |    284 |    284 |      0 |      0 |     93 |   1 |  284.0 |
               +--------+--------+--------+--------+--------+-----+--------+

Top non-repeatable levels by time:
     D:8: 925 daAuts
   Sewer: 876 daAuts
     D:5: 858 daAuts
     D:4: 845 daAuts
     D:3: 734 daAuts
     D:6: 659 daAuts
     D:7: 599 daAuts
     D:2: 596 daAuts
     D:1: 424 daAuts
     D:9: 403 daAuts
    D:10: 331 daAuts
  Bailey: 284 daAuts
